 Dungeon Crawl Stone Soup version 0.25-a0-388-g41a7e554cb (webtiles) character file.

Game seed: 2422640831353964397, levelgen mode: deterministic

247 Borgoz the Cudgeler (level 6, -4/39 HPs)
             Began as a Gargoyle Berserker on Jan 7, 2020.
             Was a Believer of Trog.
             Slain by a black bear (5 damage)
             ... on level 4 of the Dungeon.
             The game lasted 00:02:03 (3119 turns).

Borgoz the Cudgeler (Gargoyle Berserker)            Turns: 3119, Time: 00:02:04

Health: -4/39      AC:  6    Str: 20    XL:     6   Next: 11%
Magic:  6/6        EV: 12    Int:  8    God:    Trog [**....]
Gold:   200        SH:  0    Dex: 11    Spells: 5/5 levels left

rFire    . . .     SeeInvis .   a - +0 mace
rCold    . . .     Gourm    .   (no shield)
rNeg     + . .     Faith    .   b - +0 animal skin
rPois    ∞         Spirit   .   (no helmet)
rElec    +         Reflect  .   (no cloak)
rCorr    .         Harm     .   (no gloves)
MR       .....                  (no boots)
Stlth    +.........             (no amulet)
HPRegen  0.13/turn              (no ring)
MPRegen  0.10/turn              (no ring)

@: no status effects
A: negative energy resistance 1, electricity resistance, unbreathing,
petrification resistance, rot immunity, AC +4
a: Berserk, Trog's Hand, Renounce Religion


You were on level 4 of the Dungeon.
You worshipped Trog.
Trog was pleased with you.
You were not hungry.

You visited 1 branch of the dungeon, and saw 4 of its levels.

You collected 200 gold pieces.

Inventory:

Hand Weapons
 a - a +0 mace (weapon)
Armour
 b - a +0 animal skin (worn)
Jewellery
 h - a cursed -3 ring of strength {unknown}
 o - a cursed ring of teleportation {unknown}
Scrolls
 g - 5 scrolls of identify {unknown}
 i - 2 scrolls of remove curse {unknown}
 j - a scroll of fog {unknown}
 k - a scroll of teleportation {unknown}
 l - 2 scrolls of random uselessness {unknown}
Potions
 d - a potion of lignification {unknown}
 e - 3 potions of flight {unknown}
 f - 2 potions of curing {unknown}
 m - 2 potions of ambrosia {unknown}
 n - 2 potions of haste {unknown}
 q - a potion of degeneration {unknown}
Comestibles
 c - 5 rations


   Skills:
 + Level 4.3 Fighting
 * Level 4.7 Maces & Flails
 + Level 3.5 Armour
 + Level 2.7 Dodging


You had 5 spell levels left.
You didn't know any spells.
Your spell library was empty.

Dungeon Overview and Level Annotations

Branches:
Dungeon (4/15)
 Temple: D:4-7

Altars:
Sif Muna
Uskayaw

Annotations:
D:3 2 transporters


Innate Abilities, Weirdness & Mutations

You are resistant to torment.
Your stone body is resilient. (AC +4)
You are immune to poison.
You resist negative energy. (rN+)
You are resistant to electric shocks. (rElec)
You can survive without breathing.
You are immune to petrification.
You are immune to rotting.


Message History

The black bear claws you. The black bear bites you. The black bear claws you.
The black bear barely misses you.
You are too injured to fight recklessly!
You are too injured to fight recklessly!
You closely miss the black bear.
The black bear is severely wounded.
The black bear misses you. The black bear claws you. x2
* * * LOW HITPOINT WARNING * * *
The black bear bites you.
* * * LOW HITPOINT WARNING * * *
The black bear closely misses you.
The black bear claws you but does no damage.
You completely miss the black bear.
The black bear is severely wounded.
The black bear bites you but does no damage.
The black bear claws you but does no damage.
The black bear claws you.
* * * LOW HITPOINT WARNING * * *
The black bear bites you.
You die...

### ## ##.# #.#
##.## #.#
######..# #
#h#####..##..## ##
#@#...##..>.#####.
#..######....##..#
#.## #.......##
#..# #.....###
#..## #.....# #..
#.....# ..#
##....# ... #.....
.... #.....


You could see a black bear (berserk).

Vanquished Creatures
  An ogre (D:3)
  A scorpion (D:3)
  A worker ant (D:4)
  3 adders
  2 oozes (D:1)
  A worm (D:3)
  2 leopard geckos
  5 giant cockroaches
  4 goblins
  4 hobgoblins
  6 jackals (D:1)
  3 kobolds
  A quokka (D:3)
  A ball python (D:1)
  7 bats
  11 rats
53 creatures vanquished.

Notes
Turn   | Place    | Note
-------+----------+-------------------------------------------
     0 | D:1      | Borgoz the Gargoyle Berserker began the quest for the Orb.
     0 | D:1      | Reached XP level 1. HP: 14/14 MP: 1/1
    90 | D:1      | Reached XP level 2. HP: 17/19 MP: 2/2
   366 | D:1      | Reached XP level 3. HP: 22/23 MP: 3/3
  1297 | D:2      | Reached ** piety under Trog
  1342 | D:2      | Found a shimmering blue altar of Sif Muna.
  1985 | D:3      | Reached XP level 4. HP: 25/29 MP: 4/4
  2023 | D:3      | Noticed an ogre
  2029 | D:3      | Killed an ogre
  2029 | D:3      | Reached XP level 5. HP: 33/33 MP: 5/5
  2469 | D:3      | Found a hide-covered altar of Uskayaw.
  2519 | D:3      | Found a transporter.
  2541 | D:3      | Found a transporter.
  2823 | D:3      | Reached XP level 6. HP: 24/38 MP: 6/6
  3102 | D:4      | Noticed a black bear
  3119 | D:4      | HP: 1/39 [black bear (3)]
  3119 | D:4      | Slain by a black bear

Levels and vault maps discovered:
D:1:      dpeg_arrival_concentric_ovals, layout_basic
D:2:      layout_basic, old_standard_altar
D:3:      gammafunk_steamed_eel, layout_rooms, overflow_temple_1_default,
          first_ration
D:4:      layout_layer_cave, grunt_dithmenos_smoke,
          nicolae_overflow_crystal_walls, ebering_ghost_rock_garden,
          kennysheep_generic_room_13

Skill      XL: |  1  2  3  4 |
---------------+-------------+-----
Dodging        | 2 |  2.7
Fighting       | 4 |  4.3
Maces & Flails | 4 |  4.7
Armour         | 3 |  3.5

Action                   |  1- 3 |  4- 6 || total
-------------------------+-------+-------++-------
Melee: Mace              |   112 |    89 ||   201
Invok: Berserk           |       |     1 ||     1
  Eat: Chunk             |     2 |     6 ||     8
Armor: Animal skin       |    57 |    43 ||   100
Dodge: Dodged            |   111 |    77 ||   188

Table legend:
 A = Non-vault XP
 B = Vault XP
 C = Vault XP percentage of total XP
 D = Non-vault monster count
 E = Vault monster count
 F = Vault count percentage of total count
                 A         B        C        D         E       F
            +---------+---------+-------+---------+---------+-------
      Total |     354 |       0 |   0.0 |      53 |       0 |   0.0
            +---------+---------+-------+---------+---------+-------
        D:1 |      49 |       0 |   0.0 |      24 |       0 |   0.0
        D:2 |      27 |       0 |   0.0 |       8 |       0 |   0.0
        D:3 |     245 |       0 |   0.0 |      20 |       0 |   0.0
        D:4 |      33 |       0 |   0.0 |       1 |       0 |   0.0
            +---------+---------+-------+---------+---------+-------
